AoeStats
← 钓鱼佬

Fortress

509307273Analyzed
4v4 RM · 6d ago on Sep 26, 2026· 51m 44s· 8 players
Game mode
Random Map
Map size
Huge
Population
200
Speed
Normal
Resources
Standard
Victory
Conquest
Starting age
Dark Age
Ending age
Imperial Age
RankedLock teamsTeams togetherTeam positionsShared explorationLock speedFull tech treeHidden civsTurbo modeCheats
Victory
Defeat
🇨🇳 Koreans · China
1503
+14
🇦🇺 Georgians · Australia
1394
+19
🇨🇳 Saxons · China
1325
+21
🇨🇳 Varangians · China
1322
+21
🇨🇳 Persians · China
1499
-20
🇫🇮 Dravidians · Finland
1446
-19
🇹🇼 Danes · Taiwan
1445
-19
🇦🇷 Wu · Argentina
1405
-17
骑人机的骑士
7:56 Feudal Age
11:18 Castle Age
10:10 Double-Bit Axe
11:46 Horse Collar
19:46 Loom
22:03 Bow Saw
23:11 Wheelbarrow
22:35 Gold Mining
22:37 Stone Mining
27:06 Imperial Age
25:44 Hand Cart
26:02 Forging
25:58 Scale Barding Armor
26:21 Caravan
27:24 Gold Shaft Mining
27:39 Iron Casting
27:58 Conscription
28:03 Chain Barding Armor
27:46 Devotion
27:44 Elite War Elephant
30:12 Blast Furnace
32:55 Plate Barding Armor
36:57 Stone Shaft Mining
39:32 Two-Man Saw
44:00 Citadels
47:12 Kamandaran
47:15 Padded Archer Armor
48:20 Fletching
48:46 Leather Archer Armor
49:58 Bodkin Arrow
49:27 Crossbowman
50:35 Thumb Ring
51:04 Ring Archer Armor
sawadcard
7:09 Feudal Age
11:39 Castle Age
9:55 Horse Collar
10:40 Double-Bit Axe
12:22 Wheelbarrow
12:26 Heavy Plow
12:37 Bow Saw
15:46 Arson
17:07 Scale Mail Armor
18:21 Chain Mail Armor
19:56 Forging
20:49 Gold Mining
24:10 Hand Cart
25:24 Gold Shaft Mining
24:48 Stone Mining
25:11 Fletching
25:12 Loom
27:30 Iron Casting
30:39 Imperial Age
27:58 Town Watch
30:45 Onager
31:04 Northmen's Fury
32:32 Siege Onager
35:24 Conscription
35:36 Plate Mail Armor
35:37 Bodkin Arrow
38:33 Siege Engineers
40:08 Heavy Scorpion
42:39 Pikeman
43:19 Squires
44:22 Blast Furnace
43:33 Halberdier
48:31 Ballistics
49:11 Chemistry
7777777
8:05 Feudal Age
11:35 Castle Age
9:29 Horse Collar
9:52 Double-Bit Axe
10:55 Gold Mining
12:05 Gold Mining
12:37 Heavy Plow
13:39 Bow Saw
16:27 Stone Mining
19:43 Wheelbarrow
18:53 Loom
21:16 Hand Cart
26:11 Imperial Age
24:32 Thumb Ring
24:38 Fletching
24:48 Padded Archer Armor
24:53 Scale Barding Armor
26:21 Bodkin Arrow
26:42 Leather Archer Armor
26:38 Medical Corps
26:24 Town Watch
28:26 Chemistry
27:46 Ballistics
27:29 Elite Elephant Archer
29:51 Bracer
30:22 Ring Archer Armor
30:12 Chain Barding Armor
33:45 Caravan
39:03 Conscription
49:39 Husbandry
49:00 Light Cavalry
51:09 Elite Urumi Swordsman
4o3haq28b
7:21 Feudal Age
9:07 Double-Bit Axe
11:24 Castle Age
9:24 Horse Collar
10:27 Gold Mining
13:27 Bow Saw
14:11 Heavy Plow
15:14 Fletching
16:00 Loom
20:54 Stone Mining
22:29 Ballistics
22:50 Gold Shaft Mining
23:42 Stone Shaft Mining
23:41 Bodkin Arrow
24:49 Wheelbarrow
28:20 Imperial Age
26:26 Padded Archer Armor
27:25 Red Cliffs Tactics
27:43 Leather Archer Armor
28:28 Treadmill Crane
28:58 Masonry
28:43 Murder Holes
29:07 Bracer
29:44 Conscription
30:41 Chemistry
30:03 Guilds
29:56 Scale Mail Armor
30:06 Forging
31:18 Chain Mail Armor
31:06 Squires
31:41 Hand Cart
31:13 Town Watch
32:45 Iron Casting
32:21 Arson
31:57 Pikeman
36:12 Plate Mail Armor
36:42 Blast Furnace
36:59 Murder Holes
37:35 Architecture
39:26 Two-Man Saw
38:18 Elite Fire Archer
40:56 Heated Shot
44:21 Coinage
45:33 Banking
45:40 Caravan
48:21 Pikeman
钢铁猫
6:34 Feudal Age
10:25 Castle Age
8:23 Double-Bit Axe
9:15 Horse Collar
16:59 Wheelbarrow
16:21 Town Watch
16:51 Heavy Plow
17:51 Bow Saw
18:37 Loom
19:36 Hand Cart
20:10 Gold Mining
21:17 Scale Mail Armor
22:17 Squires
22:30 Forging
23:04 Stone Mining
24:54 Arson
25:37 Chain Mail Armor
28:48 Imperial Age
26:25 Gambesons
27:20 Iron Casting
28:30 Gold Shaft Mining
28:52 Shield Wall
29:53 Conscription
28:55 Elite Varangian Guard
30:07 Plate Mail Armor
32:32 Coinage
32:04 Caravan
33:06 Two-Man Saw
33:16 Guilds
33:19 Elite Hearth Troop
33:51 Fletching
35:11 Siege Engineers
36:08 Chemistry
35:30 Ballistics
35:22 Masonry
35:44 Town Patrol
36:16 Banking
36:38 Pikeman
37:13 Capped Ram
38:03 Halberdier
38:52 Bodkin Arrow
39:30 Architecture
38:40 Treadmill Crane
38:43 Siege Ram
43:26 Bracer
49:14 Heavy Scorpion
执者如旗
7:38 Feudal Age
11:11 Castle Age
9:08 Double-Bit Axe
10:07 Horse Collar
13:38 Bow Saw
17:55 Wheelbarrow
19:11 Hand Cart
21:31 Gold Mining
23:08 Forging
25:48 Imperial Age
23:50 Scale Barding Armor
23:47 Scale Mail Armor
24:24 Iron Casting
23:46 Stone Mining
24:03 Heavy Plow
24:45 Squires
24:32 Gambesons
24:32 Arson
25:42 Chain Mail Armor
25:53 Elite Varangian Guard
27:07 Plate Mail Armor
27:41 Blast Furnace
27:24 Town Watch
27:06 Vendel Legacy
28:10 Conscription
29:53 Pikeman
30:02 Gothikon
30:53 Halberdier
38:28 Scale Barding Armor
39:40 Two-Man Saw
39:04 Bloodlines
38:15 Cavalier
38:56 Husbandry
38:20 Light Cavalry
40:27 Chain Barding Armor
40:28 Hussar
43:46 Plate Barding Armor
49:16 Crop Rotation
Noob ai
6:45 Feudal Age
10:47 Castle Age
8:45 Double-Bit Axe
9:02 Horse Collar
12:39 Bow Saw
13:09 Heavy Plow
18:12 Loom
20:16 Wheelbarrow
19:44 Town Watch
21:16 Fletching
28:09 Imperial Age
26:17 Gold Mining
26:20 Stone Mining
27:28 Svan Towers
28:02 Guard Tower
28:09 Bodkin Arrow
29:06 Ballistics
28:57 Bracer
29:20 Heavy Scorpion
32:09 Keep
33:31 Chemistry
32:38 Arrowslits
32:33 Treadmill Crane
34:07 Coinage
33:48 Guilds
34:25 Siege Engineers
35:25 Hand Cart
35:32 Treadmill Crane
35:38 Arrowslits
36:22 Padded Archer Armor
37:40 Scale Barding Armor
37:45 Forging
38:20 Bloodlines
38:10 Husbandry
37:30 Light Cavalry
38:55 Conscription
39:11 Hoardings
39:48 Banking
39:41 Hussar
40:42 Chain Barding Armor
41:43 Caravan
42:31 Plate Barding Armor
44:00 Iron Casting
44:11 Capped Ram
44:47 Cavalier
47:19 Blast Furnace
48:14 Onager
50:39 Murder Holes
50:54 Masonry
钓鱼佬
7:14 Feudal Age
8:15 Double-Bit Axe
11:23 Castle Age
10:51 Fletching
11:12 Loom
12:04 Bodkin Arrow
12:07 Double-Bit Axe
22:08 Wheelbarrow
21:37 Town Watch
23:22 Hand Cart
23:18 Gold Mining
26:45 Imperial Age
26:30 Eupseong
27:41 Ballistics
27:18 Murder Holes
27:42 Bracer
28:45 Chemistry
28:17 Arrowslits
31:07 Pikeman
31:47 Squires
31:32 Arson
31:42 Halberdier
32:58 Scale Mail Armor
33:09 Forging
33:37 Masonry
33:10 Treadmill Crane
36:01 Chain Mail Armor
36:21 Iron Casting
36:49 Architecture
38:51 Horse Collar
40:03 Siege Engineers
41:47 Plate Mail Armor
41:16 Heavy Rocket Cart
45:00 Shinkichon
47:53 Elite Fire Lancer
51:09 Caravan
Connection lost

Rejoining the realm…

Still unreachable

The connection could not be restored.

Session expired

The server has moved on; the page needs a fresh start.